 Dungeon Crawl Stone Soup version 0.29.1-12-g30fa7ad0bf (webtiles) character file.

Game seed: 6424748764902744850

9441 MisterFreud the Cruncher (level 11, -4/87 HPs)
             Began as a Formicid Gladiator on Jan 16, 2023.
             Was an Initiate of Yredelemnul.
             Slain by a seven-headed hydra (9 damage)
             ... on level 10 of the Dungeon.
             The game lasted 00:21:38 (17382 turns).

MisterFreud the Cruncher (Formicid Gladiator)      Turns: 17382, Time: 00:21:38

Health: -4/87      AC: 13    Str: 24    XL:     11   Next: 74%
Magic:  11/11      EV:  9    Int:  8    God:    Yredelemnul [......]
Gold:   928        SH:  0    Dex: 17    Spells: 10/10 levels left

rFire   . . .      SeeInvis +   a - +1 quarterstaff
rCold   . . .      Faith    .   (no shield)
rNeg    + . .      Spirit   .   s - +0 chain mail
rPois   +          Reflect  .   (helmet unavailable)
rElec   .          Harm     .   (no cloak)
rCorr   +          Rampage  .   D - +1 pair of gloves "Seneokiulo" {rPois Str+3}
Will    +....                   (no boots)
Stlth   ++........              (no amulet)
HPRegen 0.24/turn               f - ring of resist corrosion
MPRegen 0.12/turn               B - ring of positive energy

@: studying Stealth
A: permanent stasis, dig shafts and tunnels, antennae 3, four strong arms
a: Dig, Shaft Self, Renounce Religion, Recall Undead Harvest


You were on level 10 of the Dungeon.
You worshipped Yredelemnul.
Yredelemnul was noncommittal.
You visited 2 branches of the dungeon, and saw 12 of its levels.

You collected 928 gold pieces.

Inventory:

Hand Weapons
 a - a +1 quarterstaff (weapon)
 C - the +6 longbow of Cichipne {freeze, rCorr Int+4}
   (You found it on level 9 of the Dungeon)

   Any ammunition fired from it freezes those it strikes, dealing additional
   cold damage.
   It can also slow down cold-blooded creatures.
   Int:       It affects your intelligence (+4).
   rCorr:     It protects you from acid and corrosion.
Missiles
 c - 3 throwing nets
 l - 10 boomerangs (quivered)
 o - 6 javelins
 u - 26 poisoned darts
 w - 2 curare-tipped darts
Armour
 b - a +0 leather armour
 g - +0 acid dragon scales
 i - a +0 troll leather armour {Pargi}
 r - a +1 pair of gloves
 s - a +0 chain mail (worn)
 D - the +1 pair of gloves "Seneokiulo" (worn) {rPois Str+3}
   (You found it on level 9 of the Dungeon)

   Str:       It affects your strength (+3).
   rPois:     It protects you from poison.
Jewellery
 f - a ring of resist corrosion (left hand)
 n - a +4 ring of evasion
 B - a ring of positive energy (right hand)
 E - the ring "Jacojeum" {Fly rF- Int+8}
   (You found it on level 9 of the Dungeon)

   [ring of flight]

   Int:       It affects your intelligence (+8).
   rF:        It makes you vulnerable to fire.
   Fly:       It grants you flight.
 I - a ring of ice
Wands
 p - a wand of roots (16)
 y - a wand of flame (14)
 A - a wand of mindburst (4)
Scrolls
 m - 3 scrolls of fear
 t - a scroll of identify
 v - 3 scrolls of magic mapping
 H - a scroll of vulnerability
 J - a scroll of enchant armour {unknown}
 K - a scroll of fog
Potions
 d - 6 potions of mutation
 e - 4 potions of cancellation
 h - 2 potions of ambrosia
 j - a potion of haste
 k - 3 potions of brilliance
 q - a potion of heal wounds
 x - a potion of might
 z - 2 potions of attraction
 F - a potion of curing
Miscellaneous
 G - a condenser vane


   Skills:
 + Level 8.9 Fighting
 - Level 14.0 Staves
 - Level 2.0 Throwing
 + Level 8.7 Armour
 - Level 2.6 Dodging
 + Level 10.5 Stealth
 + Level 1.6 Evocations


You had 10 spell levels left.
You didn't know any spells.
Your spell library contained the following spells:

 Spells                   Type           Power      Damage    Failure   Level
 Apportation              Tloc           0%         N/A       94%         1
 Magic Dart               Conj           0%         1d3       94%         1
 Necrotise                Necr           0%         1d4       94%         1
 Summon Small Mammal      Summ           0%         N/A       94%         1
 Call Imp                 Summ           0%         N/A       98%         2
 Mephitic Cloud           Conj/Pois/Air  0%         N/A       100%        3
 Portal Projectile        Hex/Tloc       0%         N/A       100%        3
 Tukima's Dance           Hex            0%         N/A       100%        3
 Alistair's Intoxication  Tmut/Pois      0%         N/A       100%        5
 Blade Hands              Tmut           0%         N/A       100%        5
 Iskenderun's Battlesphe  Conj           0%         2d6       100%        5
 Iron Shot                Conj/Erth      0%         9d1       100%        6
 Spellforged Servitor     Conj/Summ      0%         N/A       100%        7


Dungeon Overview and Level Annotations

Branches:
Dungeon (11/15)            Temple (1/1) D:4            Lair (0/5) D:10
    Orc: D:9-12

Altars:
Ashenzari
Cheibriados
Dithmenos
Elyvilon
Fedhas
Gozag
Hepliaklqana
Kikubaaqudgha
Makhleb
Nemelex Xobeh
Okawaru
Qazlal
Ru
Sif Muna
Trog
Uskayaw
Vehumet
Wu Jian
Xom
Yredelemnul
Zin
The Shining One
Lugonu

Shops:
D:5 (   D:10 =

Annotations:
D:8 1 runed translucent door, Sapher's ghost, novice TrEE


Innate Abilities, Weirdness & Mutations

You cannot be hasted, slowed, berserked, paralysed or teleported.
You can dig through walls and to a lower floor.
You have a pair of large antennae on your head. (SInv)
Your four strong arms can wield two-handed weapons with a shield.


Message History

There is an open door here.
Partly explored, can't reach some places.
Partly explored, can't reach some places.
Partly explored, can't reach some places.
Partly explored, can't reach some places.
There is an open door here.
There is a stone staircase leading down here.
You climb downwards.
The seven-headed hydra roars!
The cyclops shouts!
The acid dragon roars!
Found 4 stones, a scroll of enchant weapon and a scroll of vulnerability.
There is a stone staircase leading up here.
Unknown command.
The seven-headed hydra closely misses you.
The seven-headed hydra bites you! x3; The seven-headed hydra bites you.
The seven-headed hydra bites you!
The seven-headed hydra bites you but does no damage.
You climb upwards.
There is a stone staircase leading down here.
Unknown command.
The seven-headed hydra bites you! The seven-headed hydra bites you.
The seven-headed hydra bites you but does no damage.
The seven-headed hydra bites you!
* * * LOW HITPOINT WARNING * * *
The seven-headed hydra bites you.
* * * LOW HITPOINT WARNING * * *
The seven-headed hydra barely misses you.
The seven-headed hydra bites you.
* * * LOW HITPOINT WARNING * * *
Are you sure you want to shaft yourself?
The seven-headed hydra bites you but does no damage.
The seven-headed hydra bites you!
* * * LOW HITPOINT WARNING * * *
The seven-headed hydra bites you.
* * * LOW HITPOINT WARNING * * *
The seven-headed hydra bites you but does no damage.
The seven-headed hydra completely misses you.
The seven-headed hydra bites you but does no damage.
The seven-headed hydra bites you!
You die...
Your body rises from the dead as a mindless zombie.

######### #........ ########
######## #........ #......#
#......####........ ###......###
#......##..........
...........####......##.#........
)##......#....'......#..#........
###......######D.....'.###.######
#......# #>@....### #..# #......#
####'### ##.## ###.#### #.#
#..#### #..# #.# ##....# #.## #.#
####.# ####'#### ###+## ###'#
........#### #....# #....
........'..### #....### #....
........##...###....'.#######...[


You could see a seven-headed hydra.

Vanquished Creatures
  A centaur warrior (D:9)
  An alligator (shapeshifter) (D:9)
  A wizard (D:9)
  A deep elf pyromancer (D:9)
  A cyclops (D:9)
  A kobold demonologist (D:9)
  A troll (D:10)
  A slime creature (D:9)
  A wyvern (D:9)
  3 yaks (D:7)
  A shadow (D:10)
  A steam dragon (D:7)
  A basilisk (D:9)
  Menkaure (D:4)
  3 water moccasins
  3 acid dragons
  8 orc warriors
  2 black bears
  3 ice beasts
  2 sky beasts (D:7)
  Pargi (D:3)
  3 ogres (D:6)
  3 centaurs
  3 phantoms (D:5)
  3 kobold brigands
  3 bullfrogs
  A gnoll sergeant (D:9)
  A scorpion (D:4)
  2 necrophages
  3 wights (D:7)
  6 killer bees (D:9)
  2 howler monkeys
  4 hounds
  3 jellies
  3 orc priests
  2 iguanas
  9 orc wizards
  Robin (D:3)
  4 gnolls (D:5)
  14 adders
  2 shadow imps
  3 white imps
  3 ufetubi
  A worm (D:2)
  5 dart slugs
  31 orcs
  14 ball pythons
  A bat (D:3)
  8 endoplasms
  5 giant cockroaches
  26 goblins
  9 hobgoblins
  9 jackals
  17 kobolds
  4 quokkas
  6 frilled lizards
  A goblin zombie (D:5)
  A quokka zombie (D:5)
  9 rats
263 creatures vanquished.

Vanquished Creatures (others)
  2 plants (D:5)
2 creatures vanquished.

Grand Total: 265 creatures vanquished

Notes
Turn   | Place    | Note
-------+----------+-------------------------------------------
     0 | D:1      | MisterFreud the Formicid Gladiator began the quest for the
                  | Orb.
     0 | D:1      | Reached XP level 1. HP: 16/16 MP: 1/1
    91 | D:1      | Reached XP level 2. HP: 6/22 MP: 2/2
   644 | D:1      | Reached skill level 4 in Staves
   644 | D:1      | Reached XP level 3. HP: 26/27 MP: 3/3
  1535 | D:2      | Reached XP level 4. HP: 14/33 MP: 4/4
  1836 | D:2      | Found a faded altar of an unknown god.
  1857 | D:2      | Reached skill level 5 in Staves
  2018 | D:2      | Reached XP level 5. HP: 28/38 MP: 5/5
  2121 | D:2      | Found a hazy altar of Hepliaklqana.
  2368 | D:3      | Found a hazy altar of Hepliaklqana.
  2563 | D:3      | Noticed Pargi
  2573 | D:3      | You fall into a shaft and drop 1 floor!
  2825 | D:4      | Noticed Menkaure
  2839 | D:4      | You fall into a shaft and drop 2 floors!
  3109 | D:5      | Entered Level 5 of the Dungeon
  3123 | D:5      | Found an ornate altar of the Wu Jian Council.
  3153 | D:5      | Found a shimmering altar of Xom.
  3167 | D:5      | Noticed an ice beast
  3179 | D:5      | Reached skill level 6 in Staves
  3206 | D:5      | Reached skill level 1 in Armour
  3206 | D:5      | Reached XP level 6. HP: 10/46 MP: 6/6
  3208 | D:5      | You fall into a shaft and drop 2 floors!
  3248 | D:7      | Noticed an orc warrior
  3387 | D:8      | Found a runed translucent door.
  3387 | D:8      | Found a shimmering altar of Xom.
  3387 | D:8      | Noticed Sapher's ghost (novice TrEE)
  3393 | D:8      | Noticed a +2 long sword of chaos
  3398 | D:8      | Noticed an orc warrior
  3430 | D:7      | HP: 2/47 [orc wizard/magic dart (6)]
  3693 | D:7      | HP: 2/47 [centaur (6)]
  3695 | D:7      | Reached skill level 9 in Staves
  3695 | D:7      | Reached XP level 7. HP: 10/63 MP: 7/7
  3700 | D:7      | Reached XP level 8. HP: 27/69 MP: 8/8
  4339 | D:6      | You fall into a shaft and drop 1 floor!
  4883 | D:5      | Identified the +4 spear of Responsibility {vorpal, Will+
                  | Str+2}
  4978 | D:5      | Reached skill level 10 in Staves
  4986 | D:5      | Found a snail-covered altar of Cheibriados.
  5032 | D:5      | You fall into a shaft and drop 1 floor!
  5084 | D:6      | You fall into a shaft and drop 1 floor!
  6226 | D:3      | Found an opulent altar of Gozag.
  6282 | D:3      | Noticed Robin
  6312 | D:3      | Killed Robin
  6503 | D:3      | Reached XP level 9. HP: 68/69 MP: 9/9
  6542 | D:3      | Killed Pargi
  6920 | D:3      | Found a hide-covered altar of Uskayaw.
  7212 | D:4      | Killed Menkaure
  7541 | D:4      | Found a staircase to the Ecumenical Temple.
  7943 | D:4      | Found a glowing silver altar of Zin.
  7943 | D:4      | Found a white marble altar of Elyvilon.
  7943 | D:4      | Found a glowing golden altar of the Shining One.
  8429 | Temple   | Entered the Ecumenical Temple
  8502 | D:5      | Found a broken altar of Ashenzari.
  8617 | D:5      | Reached skill level 11 in Staves
  9082 | D:5      | Found Cyifop's Antique Weapon Shoppe.
  9193 | D:5      | Found a stormy altar of Qazlal.
  9494 | D:6      | You fall into a shaft and drop 3 floors!
  9703 | D:10     | Entered Level 10 of the Dungeon
  9866 | D:9      | Reached XP level 10. HP: 82/82 MP: 10/10
  9932 | D:7      | Reached skill level 12 in Staves
 10201 | D:7      | Found a shimmering blue altar of Sif Muna.
 10216 | D:6      | Identified a scroll of acquirement
 10216 | D:6      | Acquired a manual of Stealth
 10366 | D:6      | Reached skill level 1 in Stealth
 10368 | D:6      | You fall into a shaft and drop 1 floor!
 11688 | D:7      | Reached skill level 5 in Stealth
 13371 | D:8      | Found a radiant altar of Vehumet.
 13866 | D:9      | Noticed a two-headed ogre
 13872 | D:9      | Noticed a deep elf pyromancer
 13872 | D:9      | Noticed a centaur warrior
 13872 | D:9      | Noticed a kobold demonologist
 13939 | D:9      | Found a blossoming altar of Fedhas.
 14243 | D:9      | Identified the ring "Jacojeum" {Fly rF- Int+8}
 14284 | D:9      | Reached XP level 11. HP: 51/87 MP: 11/11
 14830 | D:9      | Killed a centaur warrior
 14831 | D:9      | Reached skill level 13 in Staves
 14976 | D:9      | Noticed an alligator
 14992 | D:9      | Killed an alligator
 14993 | D:9      | Reached skill level 10 in Stealth
 15266 | D:9      | Identified the +6 longbow of Cichipne {freeze, rCorr Int+4}
 15276 | D:9      | Identified the +1 pair of gloves "Seneokiulo" {rPois Str+3}
 15332 | D:9      | Noticed a cyclops
 15344 | D:9      | Killed a cyclops
 15809 | D:9      | Noticed a wizard
 15819 | D:9      | Killed a wizard
 15942 | D:9      | Reached skill level 14 in Staves
 16162 | D:9      | Killed a deep elf pyromancer
 16163 | D:9      | Reached skill level 1 in Evocations
 16716 | D:10     | Found Uzene's Jewellery Shop.
 16716 | D:10     | Found a staircase to the Lair.
 17107 | D:10     | Found a sparkling altar of Nemelex Xobeh.
 17107 | D:10     | Found a basalt altar of Yredelemnul.
 17143 | D:10     | Became a worshipper of Yredelemnul the Dark
 17378 | D:11     | Noticed a seven-headed hydra
 17378 | D:11     | Noticed a cyclops
 17382 | D:10     | Slain by a seven-headed hydra

Illustrated notes

Levels and vault maps discovered:
D:1:      eino_arrival_water_cross, layout_basic
D:2:      layout_basic, basic_altar, hellmonk_ecumenical_altar_arch_garden
D:3:      layout_rooms, nicolae_uskayaw_suspiria, nicolae_gozag_seed_capital,
          worldfamousw_hep_ancestral_shrine, minmay_snake_closets, uniq_pargi,
          uniq_robin
D:4:      layout_layer_cave, dreamdust_divine_triumvirate,
          minmay_temple_entry_mist, uniq_menkaure
D:5:      layout_loops_cross, cheibriados_altar_1, mainiacjoe_overflow_alcove_2,
          nicolae_wu_jian_wuxing_cycle, mainiacjoe_overflow_surrounded_room,
          lemuel_round_altar, enter_ossuary_4, serial_shops,
          nicolae_shop_overgrown_old_shop
D:6:      kennysheep_six_static_rooms, layout_layer_cave, minmay_between
D:7:      layout_loops_ring, lemuel_doored_altar, chequers_arboretum,
          nrook_campfire, minmay_circle_x
D:8:      layout_rooms, old_standard_altar, enter_bailey_5, ebering_ghost_xom
D:9:      minmay_the_grid_octo_2x2 [minmay_the_grid_octo_tetromino_candy,
          minmay_the_grid_octo_pinwheel, minmay_the_grid_octo_odd_swirl,
          minmay_the_grid_octo_prize_ultimate_mussel_roller], layout_basic,
          mainiacjoe_overflow_six_doors_small, wad_mini_maze
D:10:     layout_roguey, nicolae_overflow_two_pavilions, lair_entry_dummy,
          serial_shops, shop
D:11:     layout_cave_pools, hellmonk_guarded_unrand_cigotuvi
Temple:   corrupted_temple

Skill      XL: |  1  2  3  4  5  6  7  8  9 10 11 |
---------------+----------------------------------+-----
Staves         | 4 5 6 9 10 11 12 14 | 14.0
Armour         | 1 8 |  8.7
Fighting       | 8 |  8.9
Stealth        | 8 10 | 10.5
Evocations     | 1 |  1.6
Throwing       | |  2.0
Dodging        | |  2.6

Action                   |  1- 3 |  4- 6 |  7- 9 | 10-12 || total
-------------------------+-------+-------+-------+-------++-------
Melee: Quarterstaff      |    88 |   127 |   364 |   446 ||  1025
       Punch             |       |     1 |     2 |    10 ||    13
Throw: Javelin           |       |     1 |       |       ||     1
       Boomerang         |       |       |     2 |     8 ||    10
       Dart              |       |       |       |     4 ||     4
 Abil: Shaft Self        |       |     3 |     4 |     2 ||     9
       Dig               |       |       |     1 |       ||     1
Evoke: Wand              |       |       |       |     5 ||     5
  Use: Scroll            |     2 |     5 |    10 |     4 ||    21
       Potion            |       |     3 |     2 |     3 ||     8
 Stab: Sleeping          |       |       |     4 |       ||     4
Armor: Leather armour    |    24 |    26 |    35 |       ||    85
       Skin              |       |       |    13 |       ||    13
       Chain mail        |       |       |    67 |   196 ||   263
Dodge: Dodged            |    54 |    75 |   207 |   165 ||   501
